 Dungeon Crawl Stone Soup version 0.25-a0-251-g572059c536 (webtiles) character file.

Game seed: 18233202100472262052, levelgen mode: deterministic

6321 floatRand the Magus (level 10, 0/67 HPs)
             Began as a Demonspawn Gladiator on Dec 4, 2019.
             Was an Elder of Nemelex Xobeh.
             Slain by a vampire (2 damage)
             ... on level 9 of the Dungeon.
             The game lasted 00:16:17 (9509 turns).

floatRand the Magus (Demonspawn Gladiator)          Turns: 9509, Time: 00:16:18

Health: 0/67       AC: 10    Str: 16    XL:     10   Next: 64%
Magic:  28/28      EV: 15    Int: 10    God:    Nemelex Xobeh [****..]
Gold:   360        SH:  0    Dex: 16    Spells: 9/9 levels left

rFire    . . .     SeeInvis .   Q - +5 battleaxe
rCold    . . .     Gourm    .   (shield currently unavailable)
rNeg     . . .     Faith    +   g - +3 ring mail {rPois}
rPois    +         Spirit   .   c - +0 helmet
rElec    .         Reflect  .   l - scarf {cloud immunity}
rCorr    .         Harm     .   (no gloves)
MR       .....                  r - +0 pair of boots
Stlth    +.........             y - amulet of faith
HPRegen  0.61/turn              n - ring of poison resistance
MPRegen  0.21/turn              M - ring of magical power

@: berserk cooldown, slowed, very slow
A: hooves 2, blink, demonic guardian 2, powered by death 1, regeneration 1
a: Blink, Draw Escape, Draw Destruction, Draw Summoning, Triple Draw, Deal Four,
Renounce Religion


You were on level 9 of the Dungeon.
You worshipped Nemelex Xobeh.
Nemelex Xobeh was greatly pleased with you.
You were not hungry.

You visited 2 branches of the dungeon, and saw 10 of its levels.

You collected 435 gold pieces.
You spent 75 gold pieces at shops.

Inventory:

Hand Weapons
 a - a +0 flail
 j - a +0 whip of pain
 p - the cursed +0 trident of Dried Tears {pierce, rF+ Stlth+}
   (You found it on level 4 of the Dungeon)

   It inflicts extra damage upon your enemies.
   It protects you from fire.
   It makes you more stealthy.
   It has a curse placed upon it.
 J - a +0 flail
 Q - a +5 battleaxe (weapon)
Missiles
 v - 5 boomerangs
 F - 6 javelins
 L - a throwing net (quivered)
Armour
 b - a +0 leather armour
 c - a +0 helmet (worn)
 g - a +3 ring mail of poison resistance (worn)
 l - a scarf of cloud immunity (worn)
 r - a +0 pair of boots (worn)
 K - a +0 shield of reflection
Jewellery
 n - a ring of poison resistance (left hand)
 o - an uncursed ring of flight
 y - an amulet of faith (around neck)
 M - a ring of magical power (right hand)
Wands
 B - a wand of scattershot (1)
 C - a wand of random effects (14)
 E - a wand of iceblast (10)
 N - a wand of polymorph (21)
 P - a wand of paralysis (4)
Scrolls
 i - 3 scrolls of blinking
 k - 2 scrolls of amnesia
 m - 4 scrolls of remove curse
 t - a scroll of fog
 w - 8 scrolls of identify
 x - 2 scrolls of magic mapping
 A - 2 scrolls of enchant weapon
 H - a scroll of enchant armour
 I - a scroll of fear
Potions
 d - a potion of brilliance
 e - a potion of flight
 h - 2 potions of resistance
 q - 3 potions of berserk rage
 s - 5 potions of might
 u - a potion of degeneration {unknown}
 z - a potion of heal wounds
 D - a potion of ambrosia
 G - a potion of invisibility
 R - a potion of agility {unknown}
Comestibles
 f - 22 rations
 O - 4 chunks of flesh


   Skills:
 - Level 2.0 Fighting
 * Level 1.1(5.9) Axes
 - Level 9.3(9.4) Maces & Flails
 - Level 1.7 Throwing
 - Level 6.4 Dodging
 - Level 3.2 Shields
 * Level 13.2 Invocations


You had 9 spell levels left.
You didn't know any spells.
Your spell library was empty.

Dungeon Overview and Level Annotations

Branches:
Dungeon (9/15)             Temple (1/1) D:4            Lair (0/6) D:9
    Orc: D:9-12

Altars:
Ashenzari
Cheibriados
Dithmenos
Elyvilon
Fedhas
Gozag
Hepliaklqana
Kikubaaqudgha
Makhleb
Nemelex Xobeh
Okawaru
Qazlal
Ru
Sif Muna
Trog
Uskayaw
Vehumet
Wu Jian
Xom
Yredelemnul
Zin
The Shining One

Shops:
D:4 ?   D:8 :

Annotations:
D:4 3 runed translucent doors, bmj180's ghost, amateur DrCj
D:6 2 transporters, nago's ghost, novice GnWn


Innate Abilities, Weirdness & Mutations

You have hoof-like feet.
A demonic guardian rushes to your aid.
You regenerate a little health from kills.
You can translocate small distances at will.
Your natural rate of healing is unusually fast.


Message History

* * * LOW HITPOINT WARNING * * *
Something bites you.
* * * LOW HITPOINT WARNING * * *
Something draws strength from your injuries!
You closely miss something. Something hits you but does no damage.
Something bites you but does no damage.
You hear some strange, mumbled words.
Something tries to affect you, but you resist.
You are too injured to fight recklessly!
You hit something. Something hits you but does no damage.
Something completely misses you. Something hits you but does no damage.
Something bites you but does no damage.
Unknown command.
You barely miss something.
A vampire appears from thin air!
Reactivating autopickup.
The vampire hits you.
* * * LOW HITPOINT WARNING * * *
The vampire bites you.
You die...
Your body glows with a rainbow of weird colours and disappears.

#....# #.#.####
#....# #)#.# #
#....# #)#.# #
#....# #.#.####
####....###.#.##..
#..'........#.##..
#.##....#####.#...
#.####### #.#...
#@###########.#...
#V#...........#...
#o#.############..
###
#.#..............#
###.#
#.################
..V.# #....# ###.#
####.#
#.###############.#
#....†))...o..{...#


You could see a vampire and an orc priest.

Vanquished Creatures
  A two-headed ogre (D:8)
  A guardian serpent (D:9)
  A hippogriff (D:8)
  A dream sheep (D:8)
  A hungry ghost (D:8)
  A warg (D:9)
  2 orc warriors (D:9)
  3 ice beasts
  2 sky beasts
  2 phantoms
  7 ogres
  4 centaurs
  A wolf (D:6)
  2 big kobolds
  6 bullfrogs
  A water moccasin zombie (D:6)
  3 scorpions
  5 howler monkeys
  3 crimson imps
  A bullfrog zombie (D:8)
  A bullfrog skeleton (D:7)
  2 jellies
  5 hounds
  8 orc priests
  7 orc wizards
  Terence (D:2)
  An iguana (D:7)
  2 worker ants
  A hound zombie (D:7)
  Robin (D:2)
  4 adders
  A shadow imp (D:6)
  2 worms
  An adder skeleton (D:8)
  4 dart slugs
  6 leopard geckos
  26 orcs
  10 bats
  3 giant cockroaches
  14 goblins
  11 hobgoblins
  2 jackals (D:7)
  2 quokkas
  2 ball pythons
  7 frilled lizards
  12 kobolds
  A quokka zombie (D:6)
  9 rats
194 creatures vanquished.

Vanquished Creatures (collateral kills)
  A hydra (D:8)
  A dream sheep (D:8)
  2 hippogriffs
  2 yaks (D:8)
  A hungry ghost (D:7)
  A sky beast (D:6)
  A necrophage (D:8)
  2 ogres
  A big kobold (D:8)
  A hound (D:6)
  An orc wizard (D:5)
  A jackal (D:7)
15 creatures vanquished.

Vanquished Creatures (others)
  A big kobold (D:8)
  An orc wizard (D:4)
  2 orcs (D:4)
  A bush (D:9)
5 creatures vanquished.

Grand Total: 214 creatures vanquished

Notes
Turn   | Place    | Note
-------+----------+-------------------------------------------
     0 | D:1      | floatRand the Demonspawn Gladiator began the quest for the
                  | Orb.
     0 | D:1      | Reached XP level 1. HP: 16/16 MP: 1/1
   187 | D:1      | Gained mutation: You have large cloven feet. [demonic
                  | ancestry]
   187 | D:1      | Reached XP level 2. HP: 22/22 MP: 2/2
   660 | D:1      | Gained mutation: You regenerate a little health from kills.
                  | [demonic ancestry]
   660 | D:1      | Reached XP level 3. HP: 16/27 MP: 3/3
   867 | D:2      | Found a shimmering altar of Xom.
   867 | D:2      | Noticed Terence
   869 | D:2      | Found a shimmering altar of Xom.
   869 | D:2      | Found a shimmering altar of Xom.
   869 | D:2      | Found a shimmering altar of Xom.
   869 | D:2      | Found a shimmering altar of Xom.
   870 | D:2      | Found a shimmering altar of Xom.
   870 | D:2      | Found a shimmering altar of Xom.
   888 | D:2      | Gained mutation: Your natural rate of healing is unusually
                  | fast. [potion of mutation]
   888 | D:2      | Gained mutation: You can translocate small distances at
                  | will. [potion of mutation]
   925 | D:2      | Killed Terence
   931 | D:2      | Gained mutation: You have hoof-like feet. [demonic
                  | ancestry]
   931 | D:2      | Reached XP level 4. HP: 30/33 MP: 4/4
   937 | D:2      | Noticed Robin
  1092 | D:2      | Killed Robin
  1488 | D:2      | Reached skill level 5 in Maces & Flails
  2260 | D:3      | Reached XP level 5. HP: 38/38 MP: 5/5
  2577 | D:4      | Noticed an ogre
  2603 | D:4      | Killed an ogre
  2639 | D:4      | Found Orenuch's Magic Scroll Shoppe.
  2646 | D:4      | Bought a scroll of enchant weapon for 75 gold pieces
  2677 | D:4      | Reached XP level 6. HP: 39/44 MP: 6/6
  2689 | D:4      | Found a staircase to the Ecumenical Temple.
  2812 | Temple   | Entered the Ecumenical Temple
  2907 | Temple   | Became a worshipper of Nemelex Xobeh the Trickster
  2973 | D:4      | Reached skill level 1 in Invocations
  3004 | D:4      | Received a gift from Nemelex Xobeh
  3007 | D:4      | Got a pitted trident
  3013 | D:4      | Identified the cursed +0 trident of Dried Tears {pierce,
                  | rF+ Stlth+} (You found it on level 4 of the Dungeon)
  3080 | D:4      | Reached skill level 2 in Invocations
  3281 | D:4      | Reached skill level 3 in Invocations
  3285 | D:4      | Found a runed translucent gate.
  3285 | D:4      | Noticed bmj180's ghost (amateur DrCj)
  3286 | D:4      | Found a runed translucent gate.
  3286 | D:4      | Found a runed translucent gate.
  3327 | D:4      | HP: 2/44 [orc wizard/magic dart (7)]
  3484 | D:4      | Gained mutation: A weak demonic guardian rushes to your
                  | aid. [demonic ancestry]
  3484 | D:4      | Reached XP level 7. HP: 50/50 MP: 9/9
  3912 | D:4      | Reached skill level 4 in Invocations
  4026 | D:4      | Reached * piety under Nemelex Xobeh
  4245 | D:5      | Entered Level 5 of the Dungeon
  4248 | D:5      | Received a gift from Nemelex Xobeh
  4257 | D:5      | Found a snail-covered altar of Cheibriados.
  4658 | D:5      | Reached skill level 5 in Invocations
  4913 | D:5      | Reached skill level 6 in Invocations
  4913 | D:5      | Gained mutation: A demonic guardian rushes to your aid.
                  | [demonic ancestry]
  4913 | D:5      | Reached XP level 8. HP: 49/56 MP: 12/12
  5035 | D:5      | Reached ** piety under Nemelex Xobeh
  5401 | D:6      | Reached skill level 7 in Invocations
  5504 | D:6      | Received a gift from Nemelex Xobeh
  5566 | D:6      | Reached skill level 8 in Invocations
  5631 | D:6      | Reached skill level 5 in Dodging
  5897 | D:6      | Found a transporter.
  5901 | D:6      | Found a transporter.
  5901 | D:6      | Noticed a queen bee
  5901 | D:6      | Noticed nago's ghost (novice GnWn)
  5973 | D:6      | Reached skill level 9 in Invocations
  6040 | D:6      | Reached XP level 9. HP: 61/61 MP: 15/15
  6680 | D:7      | Reached *** piety under Nemelex Xobeh
  6680 | D:7      | Received a gift from Nemelex Xobeh
  6885 | D:7      | Reached skill level 10 in Invocations
  7412 | D:8      | Noticed a two-headed ogre
  7423 | D:8      | Killed a two-headed ogre
  7423 | D:8      | Reached skill level 11 in Invocations
  7841 | D:8      | Received a gift from Nemelex Xobeh
  7938 | D:8      | Found Neut's Book Emporium.
  8056 | D:8      | Received a gift from Nemelex Xobeh
  8226 | D:8      | Reached skill level 1 in Shields
  8226 | D:8      | Reached XP level 10. HP: 43/67 MP: 18/18
  8439 | D:8      | Reached skill level 12 in Invocations
  8449 | D:8      | Reached **** piety under Nemelex Xobeh
  8449 | D:8      | Received a gift from Nemelex Xobeh
  8680 | D:8      | Noticed a two-headed hydra
  8684 | D:8      | Killed a two-headed hydra
  8799 | D:8      | Found a shimmering blue altar of Sif Muna.
  8983 | D:9      | Noticed a guardian serpent
  8991 | D:9      | Killed a guardian serpent
  9003 | D:9      | Reached skill level 13 in Invocations
  9233 | D:9      | Received a gift from Nemelex Xobeh
  9339 | D:9      | Found a staircase to the Lair.
  9476 | D:9      | Reached skill level 1 in Axes
  9506 | D:9      | HP: 1/67 [something (6)]
  9509 | D:9      | Slain by a vampire

Levels and vault maps discovered:
D:1:      eino_arrival_cavern_b, layout_basic
D:2:      layout_basic, hangedman_abyss_or_decor_stabs, xom_redecorated,
          uniq_terence, uniq_robin
D:3:      layout_loops_ring
D:4:      layout_loops_corners, minmay_temple_entry_enclosed_plants,
          serial_shops, nicolae_shop_crystal, gammafunk_ghost_split
D:5:      layout_basic, first_ration, kennysheep_slug_shrine
D:6:      layout_loops_ring, gammafunk_ghost_hive
D:7:      layout_basic
D:8:      layout_loops_corners, led_sif_pool, serial_shops, shop,
          hangedman_ranch [blue_anna_fruit_fields],
          corexii_mini_fake_secret_closet, wad_floor_pattern_untrapped
D:9:      nrook_guardian_serpent_snake_passage, layout_basic,
          erik_lair_orcish_takeover, kb_lookout_dungeons_type
Temple:   compressed_dpeg_triangle_lava_temple

Skill      XL: |  1  2  3  4  5  6  7  8  9 10 |
---------------+-------------------------------+-----
Maces & Flails | 3 4 5 6 7 8 9 |  9.3
Invocations    | 3 6 9 11 13 | 13.2
Dodging        | 3 4 5 6 |  6.4
Shields        | 1 3 |  3.2
Axes           | 1 |  1.1
Fighting       | |  2.0
Throwing       | |  1.7

Action                   |  1- 3 |  4- 6 |  7- 9 | 10-12 || total
-------------------------+-------+-------+-------+-------++-------
Melee: Flail             |    23 |       |    96 |   115 ||   234
       Whip              |   109 |   313 |   712 |       ||  1134
       Kick              |    29 |    17 |       |       ||    46
       Battleaxe         |       |       |       |    25 ||    25
Throw: Throwing net      |       |     3 |     1 |       ||     4
       Boomerang         |       |       |    10 |       ||    10
 Abil: Draw Destruction  |       |       |     4 |     2 ||     6
Evoke: Wand              |       |     1 |     6 |       ||     7
  Use: Potion            |     3 |       |       |     2 ||     5
       Scroll            |       |     3 |    15 |       ||    18
 Stab: Held in net/web   |       |     1 |       |       ||     1
  Eat: Chunk             |       |     9 |    14 |     7 ||    30
       Ration            |       |       |     1 |       ||     1
Armor: Leather armour    |    72 |    10 |       |       ||    82
       Ring mail         |       |    65 |   239 |    54 ||   358
Dodge: Dodged            |   160 |   146 |   407 |    78 ||   791
Block: Shield            |       |       |    26 |    42 ||    68
       Reflection        |       |       |       |     3 ||     3

Table legend:
 A = Non-vault XP
 B = Vault XP
 C = Vault XP percentage of total XP
 D = Non-vault monster count
 E = Vault monster count
 F = Vault count percentage of total count
                 A         B        C        D         E       F
            +---------+---------+-------+---------+---------+-------
      Total |    6922 |    2108 |  23.3 |     185 |      28 |  13.1
            +---------+---------+-------+---------+---------+-------
        D:1 |      43 |       2 |   4.4 |      27 |       1 |   3.6
        D:2 |      54 |      69 |  56.1 |      19 |      12 |  38.7
        D:3 |      34 |       0 |   0.0 |      16 |       0 |   0.0
        D:4 |     753 |       0 |   0.0 |      23 |       0 |   0.0
        D:5 |     768 |       4 |   0.5 |      23 |       1 |   4.2
        D:6 |    1123 |       0 |   0.0 |      15 |       0 |   0.0
        D:7 |    1087 |       0 |   0.0 |      23 |       0 |   0.0
        D:8 |    2596 |    1233 |  32.2 |      33 |       8 |  19.5
        D:9 |     464 |     800 |  63.3 |       6 |       6 |  50.0
            +---------+---------+-------+---------+---------+-------
